Map: Kairos Junction LE

Players

Yocto - Winner!

  • Race: Zerg Zerg
  • Spawn Location: 5:00

NerOzZ

  • Race: Zerg Zerg
  • Spawn Location: 11:00

VOD

Have the link to the VOD?

Description

Time

  • Played on: Dec. 20, 2018, 8:47 a.m.
  • Length: 13:25
Show
View Real Time Build Order
Export as new Build Order

Yocto Zerg - Winner!

Build Orders: Hatch First 

Get SALT Encoding   

  12  0:01  Drone  
  13  0:16  Overlord  
  13  0:20  Drone  
  14  0:36  Drone x2  
  14  0:41  Drone  
  17  0:56  Hatchery  
  16  0:59  Drone  
  16  1:02  Drone  
  18  1:05  Extractor  
  17  1:17  Spawning Pool  
  16  1:20  Drone  
  18  1:25  Drone  
  19  1:32  Drone  
  19  1:44  Drone  
  20  1:58  Overlord  
  20  2:07  Queen  
  22  2:09  Queen  
  22  2:13  Zergling x4  
  26  2:23  Baneling Nest  
  26  2:26  Zergling x6  
  27  2:37  Zergling x4  
  28  2:57  Zergling x6  
  27  3:18  Metabolic Boost  
  25  3:20  Queen  
  25  3:23  Baneling  
  25  3:34  Zergling x4  
  25  3:35  Zergling x8  
  30  3:45  Drone  
  30  3:46  Drone x2  
  33  3:48  Baneling  
  33  4:04  Overlord  
  33  4:09  Lair  
  33  4:14  Drone x2  
  35  4:24  Baneling  
  35  4:30  Drone x4  
  35  4:31  Drone x2  
  41  4:43  Spine Crawler  
  40  4:51  Overlord x2  
  40  4:57  Drone x3  
  40  4:59  Drone  
  44  5:08  Queen  
  44  5:12  Drone x3  
  49  5:22  Extractor  
  49  5:25  Spire  
  49  5:27  Extractor  
  46  5:29  Extractor  
  46  5:30  Drone x3  
  48  5:36  Drone x3  
  50  5:47  Evolution Chamber  
  50  5:49  Evolution Chamber  
  48  5:58  Queen  
  50  6:05  Overlord x4  
  50  6:09  Baneling x3  
  50  6:16  Overlord x2  
  50  6:31  Drone x4  
  50  6:32  Drone x2  
  54  6:55  Spore Crawler, Mutalisk  
  54  6:56  Mutalisk x2  
  57  7:14  Spore Crawler, Drone x4  
  60  7:16  Mutalisk  
  62  7:31  Mutalisk x3  
  68  7:45  Queen  
  70  7:53  Mutalisk x2  
  71  8:24  Mutalisk x3  
  77  8:30  Hatchery  
  77  8:34  Spore Crawler  
  75  8:41  Zergling x6  
  75  8:42  Zergling x12  
  84  8:58  Overlord x6  
  83  9:08  Overlord x2  
  83  9:23  Mutalisk x2  
  87  9:26  Zerg Flyer Weapons Level 1  
  87  9:41  Mutalisk x3  
  87  9:44  Drone x3  
  87  9:45  Queen, Drone  
  99  9:53  Drone x3  
  99  10:13  Queen  
  86  10:26  Drone x5  
  86  10:27  Drone x7  
  98  10:32  Mutalisk x2  
  102  10:38  Spore Crawler  
  102  10:41  Spore Crawler  
  100  10:43  Spine Crawler  
  100  10:44  Spine Crawler  
  100  10:47  Zergling x4  
  100  10:48  Spore Crawler  
  99  11:02  Mutalisk x3  
  105  11:04  Zergling x2  
  105  11:16  Mutalisk x2  
  103  11:36  Mutalisk x3  
  103  11:38  Zergling x2  
  103  11:39  Zergling x8  
  114  11:53  Mutalisk x2  
  118  11:56  Drone  
  118  11:57  Drone x4  
  123  12:21  Drone  
  123  12:22  Drone x6  
  130  12:27  Extractor  
  130  12:28  Extractor  
  128  12:42  Queen  
  130  12:45  Drone x4  
  130  12:46  Overlord  
  134  12:51  Overlord  
Show
View Real Time Build Order
Export as new Build Order

NerOzZ Zerg 

Build Orders: Pool First 

Get SALT Encoding   

  12  0:01  Drone  
  13  0:08  Drone  
  14  0:17  Overlord  
  14  0:35  Drone  
  14  0:36  Drone x2  
  17  0:44  Spawning Pool  
  17  0:48  Extractor  
  15  0:50  Drone  
  16  0:57  Drone  
  17  1:09  Drone  
  18  1:20  Drone  
  19  1:30  Overlord, Queen  
  21  1:39  Spine Crawler  
  20  1:41  Zergling x2  
  21  1:48  Metabolic Boost  
  21  1:54  Zergling x2  
  22  2:02  Zergling x2  
  23  2:15  Hatchery  
  22  2:19  Zergling x2  
  23  2:24  Zergling x2  
  24  2:38  Zergling x2  
  25  2:49  Zergling x6  
  26  2:57  Drone  
  26  2:58  Lair  
  23  3:41  Queen, Drone x2  
  22  3:45  Drone x3  
  22  3:47  Extractor  
  26  3:57  Zergling x2  
  26  4:01  Spine Crawler, Drone  
  26  4:02  Drone  
  28  4:03  Spine Crawler  
  28  4:05  Spine Crawler  
  28  4:09  Spire  
  25  4:11  Drone x2  
  25  4:16  Drone  
  28  4:33  Zergling x6  
  28  4:34  Zergling x4  
  33  4:45  Drone x3  
  35  4:59  Overlord  
  35  5:20  Mutalisk x3  
  35  5:21  Mutalisk  
  41  5:23  Overlord  
  43  5:41  Drone  
  44  5:45  Drone x3  
  47  5:52  Mutalisk x2  
  47  5:56  Overlord  
  51  6:00  Overlord  
  51  6:14  Mutalisk  
  53  6:22  Drone x2  
  53  6:23  Drone  
  56  6:26  Extractor  
  56  6:28  Extractor, Drone  
  56  6:29  Drone x2  
  57  7:02  Mutalisk x2  
  57  7:04  Zergling x2  
  57  7:06  Drone x3  
  65  7:26  Mutalisk  
  68  7:37  Zergling x2  
  68  7:40  Roach Warren  
  68  7:41  Overlord  
  67  7:45  Overlord, Hatchery  
  60  8:20  Mutalisk x4  
  60  8:21  Mutalisk  
  70  8:28  Hydralisk Den  
  70  8:31  Spore Crawler  
  70  8:32  Drone  
  70  8:33  Drone x5  
  74  8:47  Mutalisk x2  
  78  8:49  Mutalisk  
  80  9:15  Mutalisk  
  82  9:17  Overlord  
  82  9:18  Overlord x2  
  82  9:34  Infestation Pit  
  81  9:39  Drone x2  
  83  9:50  Hatchery  
  75  10:19  Mutalisk x3  
  75  10:20  Mutalisk x3  
  85  10:23  Zerg Flyer Weapons Level 1  
  85  10:44  Mutalisk x2  
  85  10:46  Hydralisk  
  85  10:47  Hydralisk x4  
  73  11:28  Hydralisk x3  
  73  11:30  Hydralisk x3  
  83  12:02  Zergling x6  
  83  12:03  Corruptor x3  
  92  13:03  Hatchery  
  83  13:14  Hatchery  
Tags
 
Matchup
ZvZ
Race
Zerg
Replay Pack
Yocto
Spawn Locations
Cross Positions
Add a new tag
Caveats
  • Supply blocks, unpowered buildings, or Contaminate may cause inaccurate times.
  • Supply counts are checked every 10 seconds.